 Dungeon Crawl Stone Soup version 0.32-a0-673-g3729bd50f8 (webtiles) character file.

Game seed: 5486202952332044449

35 runemasterragnar the Charlatan (level 3, -1/27 HPs)
             Began as a Coglin Artificer on Mar 10, 2024.
             Slain by a ribbon worm (7 damage)
             ... on level 2 of the Dungeon.
             The game lasted 00:01:10 (710 turns).

runemasterragnar the Charlatan (Coglin Artificer)    Turns: 710, Time: 00:01:11

Health: -1/27      AC:  3    Str: 14    XL:     3   Next: 33%
Magic:  3/3        EV: 11    Int: 10    God:
Gold:   41         SH:  0    Dex: 14    Spells: 2/2 levels left

rFire   . . .        a - +0 club {Yuxuan}
rCold   . . .        f - +0 dagger {Gyeongja}
rNeg    . . .        b - +0 leather armour
rPois   .            (no helmet)
rElec   .            (no cloak)
rCorr   .            (no gloves)
SInv    .            (no boots)
Will    .....        (amulet unavailable)
Stlth   +            (ring unavailable)
HPRegen 0.24/turn    (ring unavailable)
MPRegen 0.08/turn    (no gizmo)

%: no passive effects
@: revving
A: off-hand wielding, slow wielding, warmup strikes, no jewellery
a: Invent Gizmo


You were on level 2 of the Dungeon.
You visited 1 branch of the dungeon, and saw 2 of its levels.

You collected 41 gold pieces.

Inventory:

Hand Weapons
 a - a +0 club (weapon) {Yuxuan}
 f - a +0 dagger (offhand) {Gyeongja}
Armour
 b - a +0 leather armour (worn)
Wands
 c - a wand of flame (15) (quivered)
 d - a wand of charming (15)
 e - a wand of iceblast (5)
Scrolls
 g - 3 scrolls of enchant armour {unknown}
 i - a scroll of fear {unknown}
 j - 5 scrolls of identify {unknown}
 k - a scroll of butterflies {unknown}
Potions
 h - a potion of curing


   Skills:
 + Level 1.9 Fighting
 + Level 2.4 Armour
 - Level 0.8 Dodging
 - Level 0.7 Stealth
 + Level 4.6 Evocations


You had 2 spell levels left.
You didn't know any spells.
Your spell library was empty.

Dungeon Overview and Level Annotations

Branches:
Dungeon (2/15)

Altars:


Innate Abilities, Weirdness & Mutations

You can wield a second weapon in your off-hand.
It takes a long time for you to wield or remove held weapons.
Your first few attacks do less damage.
You cannot equip rings or amulets.


Message History

You barely miss the giant cockroach with your +0 dagger.
The giant cockroach bites you but does no damage.
You hit the giant cockroach with your +0 dagger.
The giant cockroach is severely wounded.
You hit the giant cockroach with your +0 club.
You kill the giant cockroach!
The goblin hits you but does no damage.
You hit the goblin with your +0 club.
The goblin is moderately wounded.
You hit the goblin with your +0 dagger.
You kill the goblin!
The hobgoblin hits you.
It was a potion of curing.
You feel better.
The ball python hisses angrily.
The ball python barely misses you. x2
The ribbon worm expels a string of sticky webbing.
The stream of webbing hits you but does no damage.
You are caught in a web!
The hobgoblin barely misses you. The hobgoblin hits you.
There is a web here.
You see here a +0 dagger.
You struggle to detach yourself from the web.
The ball python bites you but does no damage.
The ball python grabs you. The ball python constricts you.
The hobgoblin hits you. The ribbon worm bites you. The hobgoblin hits you.
The web tears apart.
The ball python completely misses you. The ball python constricts you.
The hobgoblin hits you but does no damage.
The hobgoblin hits you.
Unknown command.
You escape the ball python's grasp.
The ribbon worm attacks as it pursues you!
The ribbon worm bites you.
* * * LOW HITPOINT WARNING * * *
The hobgoblin closely misses you.
You hit the ribbon worm with your +0 dagger.
The ribbon worm is lightly wounded.
You hit the ribbon worm but do no damage.
The ribbon worm bites you!
You die...

#.......# ####.###
##<#####.# #....<.#
#......... #......#
#.....##..#
#......###.....##..#
#......#..†......?.#
#......#.#.##.#.#..#
#...[.g#..#.!#........
#@wg#)##.#.#####.
###.#.# #.# ...#$ ..
.#.#.## .## ........
.# ## ##. ... ###.#.
.#


You could see a ribbon worm (catching breath) and 2 hobgoblins.

Vanquished Creatures
  5 dart slugs
  2 bats (D:1)
  An endoplasm (D:1)
  2 giant cockroaches
  4 goblins
  2 ball pythons (D:1)
  3 frilled lizards (D:1)
  4 kobolds (D:1)
  2 rats (D:1)
25 creatures vanquished.

Notes
Turn   | Place    | Note
-------+----------+-------------------------------------------
     0 | D:1      | runemasterragnar the Coglin Artificer began the quest for
                  | the Orb.
     0 | D:1      | Reached XP level 1. HP: 15/15 MP: 1/1
   200 | D:1      | Reached XP level 2. HP: 21/21 MP: 2/2
   423 | D:1      | Reached XP level 3. HP: 27/27 MP: 3/3
   710 | D:2      | Slain by a ribbon worm

Illustrated notes

Levels and vault maps discovered:
D:1:      scummos_arrival_star, layout_loops_cross
D:2:      layout_loops_cross, minmay_stone_trees_medium, kennysheep_path_1,
          hangedman_decor_diamond_cutter, minmay_small_reverse_x

Skill      XL: |  1 |
---------------+----+-----
Armour         | 2 |  2.4
Fighting       | |  1.9
Dodging        | |  0.8
Stealth        | |  0.7
Evocations     | |  4.6

Action                     || total
---------------------------++-------
  Melee: Dagger            ||    66
         Club              ||    64
    Use: Potion            ||     1
   Stab: Distracted        ||     1
         Sleeping          ||     1
 Armour: Leather armour    ||    63
  Dodge: Dodged            ||    41

Table legend: (Time is in decaauts)
 A = Elapsed time spent in this place.
 B = Non-inter-level travel time spent in this place.
 C = Inter-level travel time spent in this place.
 D = Time resting spent in this place.
 E = Time spent auto-exploring this place.
 F = Levels seen in this place.
 G = Mean time per level.
                   A        B        C        D        E       F      G
               +--------+--------+--------+--------+--------+-----+--------+
         Total |    721 |    708 |     13 |     44 |    457 |   2 |  360.5 |
       Dungeon |    721 |    708 |     13 |     44 |    457 |   2 |  360.5 |
               +--------+--------+--------+--------+--------+-----+--------+

Top non-repeatable levels by time:
     D:1: 685 daAuts
     D:2: 35 daAuts
